Cogmind - Beta 15 @@@ ROGUE MODE // 2025.06.22 @ 15:12:55 Player: BlobtheGreat Result: Destroyed by S-27 Virus with Autogun Performance ------------- Evolutions (3) 1500 Regions Visited (6) 1200 Robots Destroyed (116) 580 Value Destroyed (3372) 3372 Prototype IDs (27) 540 Alien Tech Used (0) 0 Bonus (568) 568 TOTAL SCORE: 7760 Bonus ------- Follower Combat Kills 268 Aligned with FarCom 300 Cogmind --------- Core Integrity 0/700 Matter 227/300 Energy 99/100 System Corruption 2% Temperature Cool (0) Movement Core (1350) Ox26 Location -7/Factory Parts ------- > --- POWER (1) -------- (None) > --- PROPULSION (5) --- (None) > --- UTILITY (5) ------ Huge Storage Unit Hacking Suite > --- WEAPON (2) ------- (None) > --- INVENTORY (25) --- Light Deuterium Engine Nuclear Core Light Nuclear Core Micro Nuclear Core Fission Core Light Fission Core Improved Flight Unit Improved VTOL Module Improved VTOL Module Cooled VTOL Module High-capacity Matter Pod (200) Thief Drone Bay (3/3) Improved Datajack Field Lobotomy Kit (1) Peak State ------------ > --- POWER ------------ Improved Deuterium Engine > --- PROPULSION ------- Compact Wheel Armored Huge Wheel Armored Huge Wheel > --- UTILITY ---------- Advanced Heat Sink Huge Storage Unit Large Matter Pod Improved Light Armor Plating Hacking Suite > --- WEAPON ----------- Gauss Rifle Flak Gun > --- INVENTORY -------- Light Deuterium Engine Nuclear Core Light Nuclear Core Improved Deuterium Engine Fission Core Light Fission Core Improved Flight Unit Improved VTOL Module Improved VTOL Module Cooled VTOL Module High-capacity Matter Pod Improved Terrain Scanner Reaction Control System Improved Light Armor Plating Hacking Suite System Shield Thief Drone Bay Gauss Rifle Gauss Rifle Assault Cannon Assault Cannon Rocket Launcher Improved Datajack Field Lobotomy Kit Spear [Rating: 51] Favorites ----------- Power Ion Engine Engine Ion Engine Propulsion Light Treads Treads Light Treads Leg Aluminum Leg Wheel Wheel Flight Unit Cooled VTOL Module Utility Huge Storage Unit Device Advanced Heat Sink Storage Huge Storage Unit Hackware Hacking Suite Protection Light Armor Plating Weapon Light Assault Rifle Ballistic Gun Light Assault Rifle Ballistic Cannon Assault Cannon Launcher Rocket Launcher Special Weapon Field Lobotomy Kit Impact Weapon Hammer Piercing Weapon Spear Build | -11 -10 -10 -10 -9 -8 -7 ------- Run | Yrd Mat Min Exi Min Mat Fac Slots Evolved 6 | . . . . . 4 2 Power . | . . . . . . . Propulsion 3 | . . . . . 2 1 Utility 3 | . . . . . 2 1 Weapon . | . . . . . . . Parts Attached 77 | 7 7 1 . 2 37 23 Power 7 | 1 1 . . . 3 2 Engine 7 | 1 1 . . . 3 2 Core . | . . . . . . . Reactor . | . . . . . . . Propulsion 26 | 2 1 . . . 15 8 Treads 9 | 2 . . . . 7 . Leg 1 | . . . . . 1 . Wheel 13 | . 1 . . . 5 7 Hover . | . . . . . . . Flight 3 | . . . . . 2 1 Utility 22 | 2 4 . . 2 6 8 Device 7 | 1 . . . 2 1 3 Storage 4 | 1 2 . . . 1 . Processor . | . . . . . . . Hackware 3 | . . . . . . 3 Protection 8 | . 2 . . . 4 2 Artifact . | . . . . . . . Weapon 22 | 2 1 1 . . 13 5 Energy Gun . | . . . . . . . Energy Cannon . | . . . . . . . Ballistic Gun 13 | 2 1 . . . 6 4 Ballistic Cannon 5 | . . . . . 4 1 Launcher 1 | . . . . . 1 . Special Weapon 1 | . . . . . 1 . Impact Weapon 1 | . . 1 . . . . Slashing Weapon . | . . . . . . . Piercing Weapon 1 | . . . . . 1 . Special Melee Weapon . | . . . . . . . Unidentified Prototypes 4 | . . . . 1 2 1 Parts Lost 41 | . . . . . 18 23 Power 2 | . . . . . 1 1 Propulsion 16 | . . . . . 9 7 Utility 13 | . . . . . 4 9 Weapon 10 | . . . . . 4 6 Highest Loss Streak 12 | . . . . . 6 12 To Critical Strikes . | . . . . . . . Average Backups 21 | 2 10 17 21 24 24 23 Power 3 | . 1 1 3 4 4 5 Propulsion 1 | 1 1 1 1 1 1 3 Utility 6 | . 3 6 7 8 7 6 Weapon 7 | . 4 8 8 8 8 6 Tool/Special . | . . . . . . . Unused Backups 28 | . 5 . 1 1 5 16 Power 7 | . . . . . 1 6 Propulsion 7 | . 4 . . . . 3 Utility 4 | . . . . . 1 3 Weapon 7 | . 1 . . 1 2 3 Tool/Special 3 | . . . 1 . 1 1 Average Slot Usage (%) 93 | . 100 100 100 100 93 84 Engine 10 | . 14 14 14 14 8 6 Treads 15 | . 23 14 14 14 19 . Leg 2 | . . . . . 5 . Wheel 10 | . 4 14 14 14 6 23 Device 10 | . 11 14 14 14 9 7 Storage 14 | . 14 14 14 14 14 14 Hackware 1 | . . . . . . 7 Protection 7 | . 2 . . . 11 6 Ballistic Gun 15 | . 28 23 14 14 12 12 Ballistic Cannon 1 | . . . . . 3 1 Impact Weapon 2 | . . 4 14 14 . . Peak Build Rating 51 | 7 8 9 11 17 40 51 Average Rating 24 | 5 7 8 10 11 26 43 On Entrance 11 | . 7 8 9 11 12 32 Naked Turns . | . . . . . . . Heaviest Build 110 | 12 89 89 89 89 108 110 Greatest Support 82 | 40 40 10 10 10 82 76 Greatest Overweight (x) 35 | . 8 8 8 8 35 26 Average Overweight (x) 3 | . 2 8 8 8 2 1 Largest Inventory Capacity 25 | 8 25 25 25 25 25 25 Average Capacity 23 | 7 15 25 25 25 25 25 Most Carried 25 | 6 17 18 23 25 25 25 Average Carried 21 | 2 11 17 21 24 24 23 Final Capacity 25 | 8 25 25 25 25 25 25 Final Carried 25 | 6 17 18 23 25 25 14 Class Distribution -------------------- 54% | Scavenger-Mutant 43% | Mutant Dominant Class ---------------- Mutant | -10/Materials Mutant | -10/Mines Mutant | -10/Exiles Mutant | -9/Mines Scavenger-Mutant | -8/Materials Scavenger-Mutant | -7/Factory Resources | -11 -10 -10 -10 -9 -8 -7 ----------- Run | Yrd Mat Min Exi Min Mat Fac Matter Collected 3372 | 207 481 121 102 20 1634 807 Remotely . | . . . . . . . Salvage Created 4028 | 13 681 55 . . 1932 1347 Parts 255 | 5 41 . . . 113 96 Haulers Intercepted 9 | . 1 . . . 6 2 Recyclers Shooed 7 | 1 1 . . . 4 1 Parts Field Recycled . | . . . . . . . Retrieved Matter . | . . . . . . . Parts Self-Destructed . | . . . . . . . Prevented . | . . . . . . . Kills | -11 -10 -10 -10 -9 -8 -7 ------- Run | Yrd Mat Min Exi Min Mat Fac Combat Hostiles Destroyed 70 | . 14 1 . . 31 24 Guns 48 | . 14 . . . 17 17 Cannons 12 | . . . . . 11 1 AOE 9 | . . . . . 3 6 Classes Destroyed 17 | 1 6 . . . 7 3 Worker 8 | . . . . . 2 6 Builder 7 | . . . . . 2 5 Tunneler 2 | 1 . 1 . . . . Hauler 9 | . 1 . . . 6 2 Recycler 9 | . 1 . . . 6 2 Operator 4 | . 1 . . . 3 . Watcher 7 | . 3 . . . 4 . Swarmer 10 | . 6 . . . 4 . Grunt 34 | . 8 1 . . 15 10 Brawler 1 | . . . . . 1 . Duelist 1 | . . . . . 1 . Protector 1 | . . . . . . 1 Sentry 10 | . . . . . 8 2 Demolisher 1 | . . . . . . 1 Specialist 4 | . . . . . 1 3 Hunter 2 | . . . . . 1 1 Programmer 6 | . . . . . . 6 Best Kill Streak 14 | 1 3 2 . . 5 14 Combat Bots Only 6 | . 3 1 . . 4 6 Max Kills in Single Turn 6 | 1 1 1 . . 2 6 Gunslinging . | . . . . . . . Exploded 3 | . . . . . 2 3 Melee . | . . . . . . . Uniques/NPCs Destroyed . | . . . . . . . Combat | -11 -10 -10 -10 -9 -8 -7 -------- Run | Yrd Mat Min Exi Min Mat Fac Hostile Shots Fired 517 | . 57 . . . 206 254 Missed 168 | . 18 . . . 54 96 Hits 349 | . 39 . . . 152 158 Melee 16 | . . . . . . 16 Projectile 333 | . 39 . . . 152 142 AOE 14 | . . . . . . 14 Critical Strikes 24 | . . . . . 11 13 Damage Taken 5998 | . 396 . . . 2527 3075 Core 1076 | . 72 . . . 291 713 Absorbed by Shields . | . . . . . . . Redirected to Shielding 46 | . 46 . . . . . Core Remaining (%) 72 | 100 . . . 71 47 . Volleys Fired 350 | 4 71 . . . 188 87 Largest 2 | 2 2 . . . 2 2 Hottest 74 | 40 40 . . . 74 65 Shots Fired 670 | 8 142 . . . 358 162 Gun 567 | 8 142 . . . 270 147 Cannon 91 | . . . . . 84 7 Launcher 8 | . . . . . 3 5 Special 4 | . . . . . 1 3 Kinetic 658 | 8 142 . . . 354 154 Thermal . | . . . . . . . Explosive 8 | . . . . . 3 5 Electromagnetic . | . . . . . . . Robot Hit Streak 12 | 6 10 . . . 12 11 Robot Miss Streak 8 | 1 4 . . . 8 7 Penetration Max 1 | . . . . . . 1 Secondary Targets 2 | . 2 . . . . . Max Gunslinging Chain 1 | . 1 . . . . . Shots Hit Robots 435 | 6 82 2 . . 236 109 Core Hits 252 | 2 34 . . . 115 101 Critical Kills 1 | . 1 . . . . . Critical Parts Destroyed 5 | . . 1 . . 2 2 Critical Strikes 8 | . 1 1 . . 4 2 Destroy 4 | . 1 . . . 1 2 Blast 2 | . . . . . 2 . Smash 2 | . . 1 . . 1 . Melee Attacks 25 | . . 5 . . 13 7 Impact 6 | . . 5 . . 1 . Slashing . | . . . . . . . Piercing 19 | . . . . . 12 7 Sneak Attacks 9 | . . 2 . . 5 2 Combat Hostiles 1 | . . 1 . . . . Follow-up Attacks . | . . . . . . . Damage Inflicted 9259 | 66 929 135 . . 4078 4051 Guns 5103 | 66 929 . . . 2252 1856 Cannons 1352 | . . . . . 1251 101 Explosions 2137 | . . . . . 197 1940 Melee 648 | . . 135 . . 364 149 Ramming 19 | . . . . . 14 5 Kinetic 6455 | 66 929 . . . 3503 1957 Thermal 1022 | . . . . . . 1022 Explosive 1115 | . . . . . 197 918 Electromagnetic . | . . . . . . . Impact 169 | . . 135 . . 34 . Slashing . | . . . . . . . Piercing 479 | . . . . . 330 149 Highest Corruption 2 | . . . . . . 2 Average Corruption 1 | . . . . . . 1 Corruption Purged . | . . . . . . . Corruption Blocked . | . . . . . . . Effects 7 | . . . . . . 7 Message Errors 3 | . . . . . . 3 Matter Fused 2 | . . . . . . 2 Parts Rejected 1 | . . . . . . 1 Data Loss (minor) 1 | . . . . . . 1 Overload Shots . | . . . . . . . Overflow Damage 285 | . . 95 . . 72 118 Projectiles 14 | . . . . . 14 . Explosions 53 | . . . . . . 53 Melee 218 | . . 95 . . 58 65 Knockbacks 15 | . . . . . 15 . Impact . | . . . . . . . Kinetic 13 | . . . . . 13 . Secondary 2 | . . . . . 2 . Self-Inflicted Damage 67 | . . . . . . 67 Shots 2 | . . . . . . 2 Rammed 4 | . . . . . 3 1 Targets Rammed 4 | . . . . . 3 1 Kicked . | . . . . . . . Crushed . | . . . . . . . Highest Temperature 422 | . 12 . . . 422 11 Average Temperature 40 | . 7 . . . 45 5 Received Heat Transfer 1773 | . 168 . . . 1179 426 Effects 2 | . . . . . 2 . Shutdowns 1 | . . . . . 1 . Damage (major) 1 | . . . . . 1 . Siege Activations . | . . . . . . . Martial Activations . | . . . . . . . Shielding Activations . | . . . . . . . Robots Disrupted . | . . . . . . . Combat Hostiles . | . . . . . . . Robots Corrupted 1 | . . 1 . . . . Combat Hostiles 1 | . . 1 . . . . Parts Fried 9 | . . 5 . . 4 . Impact Corruptions 5 | . . 2 . . 3 . Robots Melted . | . . . . . . . Combat Hostiles . | . . . . . . . Parts Melted . | . . . . . . . Heat Transferred 675 | . . . . . . 675 Parts Sabotaged . | . . . . . . . Parts Stolen . | . . . . . . . Parts Stripped . | . . . . . . . Power Chain Reactions . | . . . . . . . Alert | -11 -10 -10 -10 -9 -8 -7 ------- Run | Yrd Mat Min Exi Min Mat Fac Maximum Alert Level 1 | . . . . . 1 1 Low Security (%) 86 | 100 100 100 . 100 79 84 Level 1 13 | . . . . . 20 15 Level 2 . | . . . . . . . Level 3 . | . . . . . . . Level 4 . | . . . . . . . Level 5 . | . . . . . . . High Security . | . . . . . . . Max Security . | . . . . . . . Peak Influence 375 | 5 144 20 . . 375 314 Initial 170 | . . . . . . 170 Average 81 | . 46 1 . . 95 122 Influence Increases 2824 | 5 431 27 . . 1288 1073 Destroy 0b10 Robot/C 1580 | . 280 20 . . 760 520 Destroy 0b10 Robot/NC 255 | 5 30 5 . . 125 90 Destroy Leader 422 | . 68 . . . 212 142 Allied During Kill 25 | . . . . . 21 4 Successful Hack 124 | . 22 . . . 33 69 Disable Machine 105 | . . . . . . 105 Destroy Structure 118 | . 1 2 . . 47 68 Partial Spotted 15 | . . . . . 15 . Lose Combat Pursuer 180 | . 30 . . . 75 75 Influence Decreases 2611 | 5 430 28 . . 913 1235 Entered New Map 206 | . . 1 . . . 205 Time Decay 1613 | 5 361 27 . . 621 599 Lost Part 371 | . . . . . 141 230 Lost Ally 100 | . . . . . 60 40 Purge Threat 321 | . 69 . . . 91 161 Squads Dispatched 17 | . 3 . . . 5 9 Investigation 4 | . 1 . . . 1 2 Extermination 3 | . . . . . . 3 Reinforcement 8 | . 2 . . . 3 3 Assault . | . . . . . . . Garrison 2 | . . . . . 1 1 Intercept . | . . . . . . . Searches Triggered . | . . . . . . . Construction Impeded 1 | . . . . . . 1 Haulers Reinforced 1 | . . . . . . 1 Active Scanning Responses . | . . . . . . . Cargo Convoy Interrupts 1 | . . . . . . 1 Stealth | -11 -10 -10 -10 -9 -8 -7 --------- Run | Yrd Mat Min Exi Min Mat Fac Distress Signals 16 | . . . . . 13 3 Communications Jammed . | . . . . . . . Distress Signals . | . . . . . . . Times Spotted 158 | . 28 . . . 72 58 Peak Tracking Total 16 | . 6 . . . 6 16 Tactical Retreats 8 | . 2 . . . 4 2 Traps | -11 -10 -10 -10 -9 -8 -7 ------- Run | Yrd Mat Min Exi Min Mat Fac Traps Triggered 4 | . 1 . . . 1 2 Indirectly . | . . . . . . . Trap Hack Attempts . | . . . . . . . Triggered . | . . . . . . . Disarmed . | . . . . . . . Reprogrammed . | . . . . . . . Reused . | . . . . . . . Traps Extracted . | . . . . . . . Installed . | . . . . . . . Triggered . | . . . . . . . Machines | -11 -10 -10 -10 -9 -8 -7 ---------- Run | Yrd Mat Min Exi Min Mat Fac Machines Disabled 7 | . . . . . . 7 Max in Single Turn 6 | . . . . . . 6 Garrison Access 2 | . . . . . 1 1 Machines Repaired . | . . . . . . . Machines Dismantled . | . . . . . . . Machines Sabotaged . | . . . . . . . Overloaded Fab Kills . | . . . . . . . Hacking | -11 -10 -10 -10 -9 -8 -7 --------- Run | Yrd Mat Min Exi Min Mat Fac Machines Accessed 33 | . 8 . 2 1 10 12 Terminals 20 | . 7 . . . 8 5 Fabricators 1 | . . . . . . 1 Repair Stations . | . . . . . . . Recycling Units 5 | . 1 . . . 1 3 Scanalyzers 1 | . . . . . . 1 Garrison Access 3 | . . . . . 1 2 Total Hacks 83 | . 18 . 2 1 32 30 Successful 32 | . 7 . 2 1 10 12 Failed 50 | . 11 . . . 21 18 Catastrophic 9 | . 2 . . . 3 4 Database Lockouts 1 | . . . . . 1 . Manual 42 | . 10 . 1 . 23 8 Terminals 55 | . 17 . . . 27 11 Fabricators 6 | . . . . . . 6 Repair Stations . | . . . . . . . Recycling Units 9 | . 1 . . . 2 6 Scanalyzers 2 | . . . . . . 2 Garrison Access 8 | . . . . . 3 5 Terminal Hacks 16 | . 5 . 2 1 6 2 Record 1 | . . . 1 . . . Part Schematic 1 | . . . . . 1 . Robot Analysis 3 | . 3 . . . . . Open Door 1 | . . . . 1 . . Unreport Threat 4 | . 1 . . . 1 2 Hauler Manifests 5 | . 1 . . . 4 . Proto ID Catalog 1 | . . . 1 . . . Fabricator Hacks 2 | . . . . . . 2 Load Schematic 1 | . . . . . . 1 Build 1 | . . . . . . 1 Repair Station Hacks . | . . . . . . . Recycling Unit Hacks 5 | . 1 . . . 1 3 Retrieve Components 5 | . 1 . . . 1 3 Scanalyzer 2 | . . . . . . 2 Insert Component 1 | . . . . . . 1 Analyze 1 | . . . . . . 1 Garrison Access Hacks 2 | . . . . . 1 1 Seal Access 2 | . . . . . 1 1 Unauthorized Hacks 5 | . 1 . . . 2 2 Terminals 5 | . 1 . . . 2 2 Botnet 5 | . 1 . . . 2 2 Fabricators . | . . . . . . . Repair Stations . | . . . . . . . Recycling Units . | . . . . . . . Scanalyzers . | . . . . . . . Garrison Access . | . . . . . . . Data Cores Recovered . | . . . . . . . Used . | . . . . . . . Hacking Detections 27 | . 7 . . . 10 10 Full Trace Events 3 | . . . . . 1 2 Feedback Events . | . . . . . . . Feedback Blocked . | . . . . . . . Robot Schematics Acquired . | . . . . . . . Robots Built . | . . . . . . . Authchips . | . . . . . . . Time . | . . . . . . . Total Robot Build Rating . | . . . . . . . Part Schematics Acquired 2 | . . . . . 1 1 Parts Built 1 | . . . . . . 1 Authchips . | . . . . . . . Time 58 | . . . . . . 58 Total Part Build Rating 3 | . . . . . . 3 Parts Repaired . | . . . . . . . Time . | . . . . . . . Parts Recycled . | . . . . . . . Recycled Matter . | . . . . . . . Retrieved Matter . | . . . . . . . Retrieved Components 43 | . 5 . . . 10 28 Parts Scanalyzed 1 | . . . . . . 1 Part Schematics Acquired 1 | . . . . . . 1 Parts Damaged . | . . . . . . . Bothacking | -11 -10 -10 -10 -9 -8 -7 ------------ Run | Yrd Mat Min Exi Min Mat Fac Used RIF Installer . | . . . . . . . Robots Hacked . | . . . . . . . Non-combat . | . . . . . . . Combat . | . . . . . . . Robot Hacks Applied . | . . . . . . . Relay Couplers Released . | . . . . . . . Fabnet Peak Effective % . | . . . . . . . Robots Rewired . | . . . . . . . Allies Hacked . | . . . . . . . Hacks Repelled . | . . . . . . . Allies | -11 -10 -10 -10 -9 -8 -7 -------- Run | Yrd Mat Min Exi Min Mat Fac Total Allies 7 | . . . . 3 1 3 Largest Group 3 | . . . . 3 2 3 Highest-Rated Group 98 | . . . . 40 90 98 Highest-Rated Ally 90 | . . . . 16 90 43 Total Orders 1 | . . . . 1 . . RETURN 1 | . . . . 1 . . Ally Attacks 54 | . . . . . 43 11 Total Damage 1171 | . . . . . 606 565 Kills 16 | . . . . . 10 6 Allies Corrupted . | . . . . . . . Allies Melted . | . . . . . . . Field Lobotomies 4 | . . . . . 1 3 Intel | -11 -10 -10 -10 -9 -8 -7 ------- Run | Yrd Mat Min Exi Min Mat Fac Active Infowar (turns) 4928 | 89 1463 261 589 830 1471 225 Terrain 225 | . . . . . . 225 Seismic 4703 | 89 1463 261 589 830 1471 . Robot Analysis Total 3 | . 3 . . . . . Derelict Logs Recovered 3 | . . 1 . 2 . . Drone Launches 1 | . . . . 1 . . Drone Recoveries 1 | . . . . 1 . . Exploration | -11 -10 -10 -10 -9 -8 -7 ------------- Run | Yrd Mat Min Exi Min Mat Fac Turns Passed 10646 | 124 1762 261 589 833 4920 2157 Spaces Moved 4981 | 62 878 123 292 413 1806 1407 Core 7 | 2 . . . . 4 1 Treads 1711 | 60 592 . . . 1059 . Legs 12 | . . . . . 12 . Wheels 3251 | . 286 123 292 413 731 1406 Hover . | . . . . . . . Flight . | . . . . . . . Fastest Speed 50 | 50 160 200 200 200 123 108 Average Speed 180 | 156 173 200 200 200 225 118 Slowest Speed 1800 | 160 200 200 200 200 1800 1350 Overloaded Moves . | . . . . . . . Propulsion Burnouts . | . . . . . . . Robots Hopped . | . . . . . . . Potential Cave-ins 5 | . . . . . . 5 Cave-ins Triggered . | . . . . . . . Exploration Rate (%) 57 | 4 98 22 62 82 98 35 Regions Visited 6 Branch Regions 3 Pre-discovered Areas 4 | . . 1 1 2 . . Known Exits Taken . | . . . . . . . Unknown Exits Taken 6 | 1 1 1 1 1 1 . Scrap Searched 3 | . . 1 . 2 . . Spaces Dug 7 | . . 2 . . 3 2 Terrain Destroyed 102 | . . 2 . . 35 65 Melee 7 | . . 2 . . 3 2 Projectile 9 | . . . . . 9 . AOE 86 | . . . . . 23 63 Terrain Rammed . | . . . . . . . Walls Destroyed . | . . . . . . . Machines Disabled . | . . . . . . . Actions | -11 -10 -10 -10 -9 -8 -7 --------- Run | Yrd Mat Min Exi Min Mat Fac Total 5959 | 78 996 129 298 420 2295 1743 Wait 374 | . 15 . . 2 175 182 Move 4975 | 61 877 122 291 412 1805 1407 Hop . | . . . . . . . Pick Up 74 | 6 16 1 6 3 30 12 Fast Attach 26 | 7 . . . . 10 9 Attach 33 | . . . . . 18 15 Detach 5 | . . . . . 4 1 Swap 45 | . 8 1 . 2 27 7 Drop 48 | . 9 . 1 1 22 15 Fire 350 | 4 71 . . . 188 87 Melee 25 | . . 5 . . 13 7 Ram 1 | . . . . . . 1 Kick . | . . . . . . . Crush 3 | . . . . . 3 . Escape Stasis . | . . . . . . . Rewire . | . . . . . . . Trap . | . . . . . . . Miscellaneous . | . . . . . . . Route ------- -11/Scrapyard -10/Materials (discovered 5 exits: [*Mat x3] / [*Min x2]) -10/Mines (discovered 3 exits: [*Mat x2] / *Exi) -10/Exiles -9/Mines -8/Materials (discovered 3 exits: *Fac x3) -7/Factory (discovered 1 exit: [*Low]) History --------- Turn | Location | Event 39 | -11/Scrapyard | Discovered new exit (range 16) 125 | -11/Scrapyard | Entered Materials 316 | -10/Materials | Build established: Mutant 870 | -10/Materials | Discovered new exit (range 4) 1066 | -10/Materials | Discovered new exit (range 16) 1124 | -10/Materials | Discovered new exit (range 15) 1192 | -10/Materials | Discovered new exit (range 13) 1316 | -10/Materials | Discovered new exit (range 12) 1887 | -10/Materials | Entered Mines 1887 | -10/Mines | Discovered new exit (range 12) 1932 | -10/Mines | Learned location of Storage (-9) 1942 | -10/Mines | Discovered new exit (range 9) 1996 | -10/Mines | Deemed a non-threat by the Exiles lab entrance 1996 | -10/Mines | Discovered new exit (range 5) 2067 | -10/Mines | Excavation squad dispatched 2067 | -10/Mines | A large section of the Mines collapsed 2148 | -10/Mines | Entered Exiles 2201 | -10/Exiles | Met 8R-AWN 2233 | -10/Exiles | Met EX-HEX 2303 | -10/Exiles | Met EX-BIN 2331 | -10/Exiles | Aligned with FarCom system 2333 | -10/Exiles | Given EX-Vault access code 2379 | -10/Exiles | Opened EX-Vault 2407 | -10/Exiles | Found Skeleton Box 2415 | -10/Exiles | Found Field Lobotomy Kit 2460 | -10/Exiles | Warned to stay clear of 0b10 Research branches 2518 | -10/Exiles | Met EX-DEC 2534 | -10/Exiles | Learned location of Zion (-6) 2711 | -10/Exiles | Discovered new exit (range 11) 2737 | -10/Exiles | Left Exiles lab with Field Lobotomy Kit 2737 | -10/Exiles | Entered Mines 2781 | -9/Mines | Assisted by bots powering up and referring to "LRC-V3" 2892 | -9/Mines | Learned location of Recycling (-9) 2903 | -9/Mines | Received a Rocket Launcher from a helpful Derelict 3134 | -9/Mines | Found the Drone Emporium 3144 | -9/Mines | Found Prototype Device 3149 | -9/Mines | Identified Thief Drone Bay 3364 | -9/Mines | Discovered new exit (range 8) 3570 | -9/Mines | Entered Materials 3570 | -8/Materials | Accompanied by 3 allies 3570 | -8/Materials | Evolved 4 slots: Propulsion x2, Utility x2 3987 | -8/Materials | Garrison activated, responded to threat 4666 | -8/Materials | Build established: Scavenger-Mutant 5345 | -8/Materials | Discovered new exit (range 16) 5480 | -8/Materials | Lost 6 parts (1p2n1u2w) 5956 | -8/Materials | Central database locked down 6097 | -8/Materials | Discovered new exit (range 16) 7223 | -8/Materials | Core integrity fell below 50% 7707 | -8/Materials | Lost 3 parts (3n) 7948 | -8/Materials | Discovered new exit (range 10) 7950 | -8/Materials | Assimilated H-61 Shepherd with FLK Orb 8490 | -8/Materials | Entered Factory 8490 | -7/Factory | Evolved 2 slots: Propulsion x1, Utility x1 9184 | -7/Factory | Discovered new exit (range 5) 9953 | -7/Factory | Fabricated Imp. VTOL Module (x1) 10287 | -7/Factory | Cargo convoy interrupted 10303 | -7/Factory | Garrison activated, responded to threat 10315 | -7/Factory | Assembled infested ambush trap array 10381 | -7/Factory | Assimilated D-53 Grenadier with FLK Orb 10384 | -7/Factory | Core integrity fell below 50% 10384 | -7/Factory | Assimilated X-67 Chaingunner with FLK Orb 10388 | -7/Factory | Assimilated H-55 Commando with FLK Orb 10410 | -7/Factory | Lost 12 parts (1p2n5u4w) 10478 | -7/Factory | Lost 3 allies 10643 | -7/Factory | Core integrity fell below 20% 10647 | -7/Factory | Destroyed by S-27 Virus with Autogun Last Messages --------------- 10623_ L-41 Fighter emerges from a hatch in the floor. 10623_ S-27 Virus emerges from a hatch in the floor. 10625_ Slug penetrates L-41 Fighter. 10626_ Com. Wheel destroyed. 10626_ Assault Cannon destroyed. 10628_ RH=J|RFCNTHTH=4KXJ:%X:Q6GWU 10628_ Slug penetrates Wall. 10628_ Imp. Deuterium Engine severed. 10630_ Slug penetrates Wall. 10630_ Reaction Control System destroyed. 10633_ Slug penetrates L-41 Fighter. 10636_ Gauss Rifle severed. 10642_ Spear severed. 10642_ System Shield severed. 10643_ Slammed into L-41 Fighter. 10644_ Com. Wheel destroyed. 10647_ Imp. Terrain Scanner destroyed. [Achievement: This Is Interesting...] Map ----- +----------------------------------------------------+ | ?????????????????????????????????????????? | | ?????????????????????????????????????????? | | ?????????????????????????????????????????? | | ?????????????????????????????????????????? | | ?????????????????????????????????????????? | | ?????????????????????????????????????????? | | ?????????????????????????????????????????? | | ?????????????????????????????????????????? | | ?????????????????????????????????????????? | | ?????????????????????????????????????????? | | ???????????????????? ?????????????????? | | ???????????????????? #???????????????? | | ???????????????????# #???????????????? | | ???????????????????# #???????????????? | | ???????????????????# #???????????????? | | ???????????????????# #???????????????? | | ???? ??????????????# #???????????????? | | ???????????????????# #???????????????? | | ??????????#????????# #???????????????? | | ???????????????????# #? ?????????????? | | ????????????#??????# #???????????????? | | ??????????? # ?????# #?????"?????????? | | ????????????# ###### #???????????????? | | ???????? ???# #???????????????? | | ??????""" # l/ +??????"????????? | | ??????""" + l@ #???????????????? | | ??????""" # """ # ??????"???????? | | ???? ? ?????# s """ #??????? ???????? | | ????????????##### """ #??? ???????????? | | ????????????????# #???????????????? | | ???????????????## """ #???????#?? #?##? | | ?????? ???????## """ ##????????? #???? | | ???????????????#T """ #???#?????? ###?? | | ?????????????#?## #?????????? #???? | | ????????????????# #?????????? #???? | | ????????????????# #?????????? #??? | | ????????????????# ########### #### | | ???????????????# # | | ???????????????# " # | | ???????????????# # | | ???????????????##### | | ????????????????? ?# | | ???????????????????#########+######+###### | | ???????????????? ???#????? !??# | | ????????????????????????# #"" | | ????????????"?"?????????# #"" ! " | | ????????????????????????# ! #"" " | | ????????????????????????# #T [ " | | ????????????????????????# #"" " | | ????????????????????????# #"" " | +----------------------------------------------------+ Best States ------------- Heat Dissipation 53 Energy Generation 16 Energy Capacity 290 Matter Stores 450 Matter Capacity 450 Sight Range 16 Terrain Scan Range 16 Terrain Scan Density 10 Armor Coverage 300 Propulsion Shielding 33 Weapon Shielding 33 Evasion (%) 40 Recoil Reduction 4 Offensive Hacking 10 Defensive Hacking 10 Item Schematics ----------------- Imp. Light Armor Plating | -8/Materials | Hacked Imp. VTOL Module | -7/Factory | Scanalyzed Robot Schematics ------------------ None Fabricated ------------ Imp. VTOL Module | x1 | -7/Factory Repaired ---------- Nothing Alien Tech Used ----------------- None Achievements -------------- This Is Interesting... Challenges ------------ None Game ------ Seed HoverPlasmaAccelerator Manual? 0 Play Time 01:20:21 Cumulative 36.5 hours Start 2025.06.22 @ 13:50:35 End 2025.06.22 @ 15:12:55 Sessions 1 Manual Loads 0 Difficulty Rogue Special Mode None Game No. 34 Rogue 34 Adventurer 0 Explorer 0 Win Type - Total 0 Types 0/0/0/0/0/0/0/0/0/0 Lore% 25 Gallery% 28 Achievement% 31 Wizard Run 0 Options --------- Layout 1 ASCII 0 Keyboard 1 Movement Arrows Keybinds 0 Fullscreen 1 Font 24/Smallcaps Map View 50x40 Zoom Use 0% Tactical HUD 1 Map Filters NONE Filters NONE Steam 1 RUN: 305bff3c-7b1a-44ca-b717-1a2dd1d3cca9